 Dungeon Crawl Stone Soup version 0.28.0-53-g5a82cb258f (webtiles) character file.

Game seed: 290382392725396102

9472 safid the Severer (level 11, 0/97 HPs)
             Began as a Hill Orc Fighter on Aug 21, 2022.
             Was a High Priest of Okawaru.
             Slain by a wyvern (7 damage)
             ... on level 10 of the Dungeon.
             The game lasted 00:14:31 (12588 turns).

safid the Severer (Hill Orc Fighter)               Turns: 12588, Time: 00:14:32

Health: 0/97       AC: 14    Str: 24    XL:     11   Next: 47%
Magic:  16/16      EV:  8    Int:  8    God:    Okawaru [*****.]
Gold:   697        SH:  4    Dex: 10    Spells: 10/10 levels left

rFire   + . .      SeeInvis +   B - +4 war axe
rCold   . . .      Faith    .   c - +0 buckler
rNeg    . . .      Spirit   .   j - +0 plate armour
rPois   .          Reflect  .   (no helmet)
rElec   .          Harm     .   e - +2 cloak
rCorr   .          Rampage  .   h - +1 pair of gloves
Will    .....                   F - +2 pair of boots
Stlth   ..........              (no amulet)
HPRegen 0.26/turn               C - ring of see invisible
MPRegen 0.15/turn               E - ring of protection from fire

@: corroded
A: no striking features
a: Renounce Religion, Heroism, Finesse, Duel


You were on level 10 of the Dungeon.
You worshipped Okawaru.
Okawaru was extremely pleased with you.
You visited 2 branches of the dungeon, and saw 11 of its levels.
You also visited: Sewer and Bailey.

You collected 697 gold pieces.

Inventory:

Hand Weapons
 B - a +4 war axe (weapon)
Missiles
 l - 35 poisoned darts
 s - 5 curare-tipped darts (quivered)
 y - 4 throwing nets
 I - 3 javelins
Armour
 c - a +0 buckler (worn)
 e - a +2 cloak (worn)
 h - a +1 pair of gloves (worn)
 j - a +0 plate armour (worn)
 F - a +2 pair of boots (worn)
Jewellery
 C - a ring of see invisible (left hand)
 E - a ring of protection from fire (right hand)
 K - a ring of wizardry
 L - a ring of wizardry
Wands
 q - a wand of flame (16)
 A - a wand of acid (6)
Scrolls
 a - a scroll of magic mapping {unknown}
 f - 2 scrolls of fear
 g - 2 scrolls of fog
 i - a scroll of blinking
 k - a scroll of torment
 m - 3 scrolls of vulnerability
 o - a scroll of holy word
 r - a scroll of immolation
 u - 2 scrolls of teleportation
 D - a scroll of amnesia {unknown}
 H - a scroll of silence {unknown}
 J - 2 scrolls of identify
Potions
 b - a potion of attraction
 d - 3 potions of might
 n - a potion of cancellation {unknown}
 p - a potion of curing {unknown}
 t - 5 potions of flight
 v - a potion of experience {unknown}
 w - a potion of mutation {unknown}
 x - 2 potions of berserk rage {unknown}
 z - 2 potions of ambrosia
 G - 2 potions of brilliance {unknown}


   Skills:
 + Level 9.5 Fighting
 - Level 16.0 Axes
 + Level 7.4 Armour
 + Level 4.5 Dodging
 - Level 4.0 Shields
 + Level 7.3 Invocations


You had 10 spell levels left.
You didn't know any spells.
Your spell library contained the following spells:

 Spells                   Type           Power      Damage    Failure   Level
 Magic Dart               Conj           0%         1d3       100%        1
 Pain                     Necr           0%         1d4       100%        1
 Sting                    Tmut/Pois      0%         1d3       100%        1
 Corpse Rot               Necr/Air       0%         N/A       100%        2
 Ensorcelled Hibernation  Hex/Ice        0%         N/A       100%        2
 Passwall                 Tmut/Erth      0%         N/A       100%        2
 Poisonous Vapours        Pois/Air       0%         N/A       100%        2
 Searing Ray              Conj           0%         2d4       100%        2
 Swiftness                Air            0%         N/A       100%        3
 Fulminant Prism          Conj/Hex       0%         3d6       100%        4
 Olgreb's Toxic Radiance  Pois           0%         N/A       100%        4
 Agony                    Necr           0%         N/A       100%        5
 Excruciating Wounds      Necr           0%         N/A       100%        5
 Orb of Destruction       Conj           0%         9d5       100%        7
 Summon Guardian Golem    Hex/Summ       Unusable   N/A       N/A         3
 Spellforged Servitor     Conj/Summ      Unusable   N/A       N/A         7

Dungeon Overview and Level Annotations

Branches:
Dungeon (10/15)            Temple (1/1) D:4             Orc (0/2) D:10
  Sewer (visited)          Bailey (visited)
   Lair: D:8-11

Altars:
Ashenzari
Cheibriados
Dithmenos
Elyvilon
Fedhas
Gozag
Hepliaklqana
Kikubaaqudgha
Makhleb
Nemelex Xobeh
Okawaru
Qazlal
Ru
Sif Muna
Trog
Uskayaw
Vehumet
Wu Jian
Xom
Yredelemnul
Zin
The Shining One

Shops:
D:10 [([

Annotations:
D:5 1 runed translucent door, Fractals's ghost, amateur DrAr
D:8 2 transporters


Message History

Unknown command.
You are too injured to fight recklessly!
You are too injured to fight recklessly!
Unknown command.
You are too injured to fight recklessly!
Unknown command.
You are too injured to fight recklessly!
You hit the basilisk.
The basilisk is severely wounded.
You hit the wyvern but do no damage. You closely miss the acid dragon.
The acid dragon bites you but does no damage.
The acid dragon claws you.
The wyvern bites you but does no damage.
The basilisk bites you but does no damage.
You hit the basilisk.
The basilisk is almost dead.
You hit the acid dragon but do no damage.
You hit the wyvern. The wyvern bites you. The basilisk closely misses you.
The acid dragon spits acid at you. The splash of acid hits you!
* * * LOW HITPOINT WARNING * * *
The acid corrodes you!
You hit the basilisk.
You kill the basilisk!
Okawaru accepts your kill.
You hit the acid dragon but do no damage.
You closely miss the wyvern. The wyvern bites you!
* * * LOW HITPOINT WARNING * * *
A komodo dragon comes into view.
Okay, then.
Blink to where?
Press: ? - help, Dir - move target
As you read the scroll of blinking, it crumbles to dust.
You see here 17 arrows.
The wyvern bites you but does no damage.
The wyvern bites you.
* * * LOW HITPOINT WARNING * * *
The wyvern bites you but does no damage.
The wyvern bites you!
You die...

## ####
#.##..############ ##
#.#[###....Dl@..##
#.?##=...(...###....##
### #..........###
#.##..#### #.#####
.......#####
######...###......
.......# ####...###.##
...#.##†...# ####.####
##..## ###..# ### ###
# ##### ########
#########


You could see a wyvern and an acid dragon.

Vanquished Creatures
  2 two-headed ogres (D:10)
  Pikel (D:7)
  Joseph (D:8)
  A troll (D:9)
  2 hornets (D:9)
  A slime creature (D:9)
  A vampire (D:9)
  A wraith (D:9)
  2 wyverns (D:9)
  2 basilisks (D:10)
  4 yaks (D:8)
  Grum (D:8)
  A vampire mosquito (D:9)
  An acid dragon (D:8)
  A water moccasin (D:6)
  A hornet zombie (D:5)
  10 orc warriors
  2 black bears (D:6)
  5 centaurs
  2 wolves (D:8)
  2 ogres (D:5)
  3 lemures (D:7)
  A phantom (D:6)
  6 kobold brigands
  A bullfrog (D:9)
  2 gnoll sergeants
  3 scorpions
  A water moccasin zombie (D:7)
  A wyvern skeleton (D:7)
  7 killer bees
  9 wights
  A howler monkey (D:7)
  3 centaur zombies
  A gnoll shaman (D:9)
  A jelly (D:7)
  4 hounds
  A centaur skeleton (D:6)
  7 orc priests
  Jessica (D:2)
  6 iguanas
  9 orc wizards
  5 adders
  A howler monkey skeleton (D:5)
  11 gnolls
  4 river rats
  A shadow imp (D:7)
  3 white imps
  3 worms
  33 orcs
  14 ball pythons
  10 endoplasms
  3 giant cockroaches
  5 hobgoblins
  6 jackals
  20 kobolds
  3 quokkas
  4 bats
  7 frilled lizards
  6 goblins
  8 rats
259 creatures vanquished.

Notes
Turn   | Place    | Note
-------+----------+-------------------------------------------
     0 | D:1      | safid the Hill Orc Fighter began the quest for the Orb.
     0 | D:1      | Reached XP level 1. HP: 19/19 MP: 1/1
    78 | D:1      | Found a faded altar of an unknown god.
   186 | D:1      | Reached XP level 2. HP: 27/27 MP: 2/2
   202 | D:1      | Reached skill level 3 in Axes
   668 | D:2      | Reached XP level 3. HP: 33/33 MP: 3/3
   760 | D:2      | Noticed Jessica
   765 | D:2      | Killed Jessica
   766 | D:2      | Reached XP level 4. HP: 10/40 MP: 4/4
  1116 | D:2      | Reached skill level 4 in Axes
  1657 | D:3      | Reached skill level 5 in Axes
  1657 | D:3      | Reached XP level 5. HP: 18/46 MP: 5/5
  2097 | D:3      | Reached skill level 6 in Axes
  2407 | D:3      | Reached skill level 7 in Axes
  2407 | D:3      | Reached XP level 6. HP: 16/52 MP: 6/6
  3382 | D:4      | Found a staircase to the Ecumenical Temple.
  3433 | Temple   | Entered the Ecumenical Temple
  3533 | Temple   | Became a worshipper of Warmaster Okawaru
  3884 | D:4      | Reached skill level 8 in Axes
  3961 | D:4      | Found a hazy altar of Hepliaklqana.
  3962 | D:4      | Found a faded altar of an unknown god.
  3997 | D:4      | Reached XP level 7. HP: 41/59 MP: 7/7
  4128 | D:5      | Entered Level 5 of the Dungeon
  4202 | D:5      | Reached skill level 9 in Axes
  4269 | D:5      | Found a glowing drain.
  4287 | Sewer    | Entered a sewer
  4299 | Sewer    | Reached * piety under Okawaru
  4399 | Sewer    | Reached skill level 10 in Axes
  4594 | Sewer    | Found a white marble altar of Elyvilon.
  4661 | D:5      | Found a runed translucent door.
  4663 | D:5      | Noticed Fractals's ghost (amateur DrAr)
  4829 | D:5      | Reached XP level 8. HP: 33/66 MP: 8/8
  5355 | D:5      | Reached skill level 11 in Axes
  5948 | D:6      | Reached skill level 12 in Axes
  6282 | D:6      | Reached ** piety under Okawaru
  6508 | D:6      | Reached skill level 13 in Axes
  6864 | D:6      | Reached skill level 14 in Axes
  6864 | D:6      | Reached XP level 9. HP: 70/71 MP: 9/9
  7183 | D:7      | Noticed Pikel
  7210 | D:7      | Killed Pikel
  7210 | D:7      | Reached *** piety under Okawaru
  7211 | D:7      | Reached skill level 15 in Axes
  7281 | D:7      | Found a flagged portal.
  7298 | Bailey   | Entered a bailey
  7676 | Bailey   | Noticed an orc knight
  7680 | Bailey   | Reached skill level 16 in Axes
  8118 | D:7      | Reached **** piety under Okawaru
  8119 | D:7      | Reached skill level 5 in Fighting
  8874 | D:8      | Found a transporter.
  9019 | D:8      | Reached skill level 1 in Invocations
  9019 | D:8      | Reached XP level 10. HP: 76/83 MP: 10/10
  9028 | D:8      | Reached skill level 1 in Dodging
  9177 | D:8      | Noticed Grum
  9190 | D:8      | Killed Grum
  9712 | D:8      | Found a transporter.
  9856 | D:8      | Noticed Joseph
  9862 | D:8      | Reached skill level 5 in Armour
  9875 | D:8      | Killed Joseph
  9875 | D:8      | Reached ***** piety under Okawaru
  9987 | D:8      | You fall into a shaft and drop 2 floors!
  9987 | D:10     | Entered Level 10 of the Dungeon
  9989 | D:10     | Found Ibuqa's Armour Shoppe.
  9991 | D:10     | Found a staircase to the Orcish Mines.
  9991 | D:10     | Noticed a two-headed ogre
 10003 | D:10     | Killed a two-headed ogre
 10005 | D:10     | Found Xalaotru's Weapon Shoppe.
 10008 | D:10     | Reached skill level 5 in Invocations
 10270 | D:10     | Found Pozum's Antique Armour Emporium.
 10324 | D:10     | Noticed a two-headed ogre
 10335 | D:10     | Killed a two-headed ogre
 10470 | D:9      | Reached XP level 11. HP: 91/95 MP: 15/15
 10474 | D:9      | Received a gift from Okawaru
 10790 | D:9      | Paralysed by a hornet for 1 turns
 12561 | D:10     | Identified the +1 pair of boots of Filigreed Contentment
                  | {rElec Int+5} (Okawaru gifted it to you on level 10 of the
                  | Dungeon)
 12561 | D:10     | Received a gift from Okawaru
 12588 | D:10     | Slain by a wyvern

Illustrated notes

Levels and vault maps discovered:
D:1:      amcnicky_arrival_double_pillar, layout_rooms,
          chequers_ecumenical_altar_simple_redux, lemuel_old_faithful
D:2:      layout_basic, minmay_misc_feat_hallway, uniq_jessica
D:3:      layout_basic
D:4:      layout_rooms, beargit_hepliaklqana_dungeon_heroes,
          minmay_temple_entry_drinking_statues, corexii_shack
D:5:      layout_basic, portal_sewer_entry_a, ebering_ghost_sewer_d,
          due_unseen_surprise
D:6:      layout_cave_pools
D:7:      layout_loops_ring, enter_bailey_4, uniq_pikel
D:8:      gammafunk_steamed_eel, layout_gridville, kennysheep_small_circle,
          uniq_grum, uniq_joseph
D:9:      cheibrodos_fzero, layout_grid_maze
D:10:     layout_roguey, erik_lair_dragon, orc_david_3, serial_shops, shop
Temple:   compressed_dpeg_circular_temple

Skill      XL: |  1  2  3  4  5  6  7  8  9 10 11 |
---------------+----------------------------------+-----
Axes           | 3 5 7 8 10 14 16 | 16.0
Fighting       | 4 6 8 9 |  9.5
Armour         | 4 6 7 |  7.4
Shields        | 4 |  4.0
Invocations    | 1 5 7 |  7.3
Dodging        | 3 4 |  4.5

Action                   |  1- 3 |  4- 6 |  7- 9 | 10-12 || total
-------------------------+-------+-------+-------+-------++-------
Melee: War axe           |    75 |   187 |   337 |   247 ||   846
Throw: Dart              |       |       |     8 |     5 ||    13
  Use: Potion            |       |       |     2 |       ||     2
       Scroll            |       |       |    10 |     1 ||    11
Armor: Scale mail        |    34 |    15 |       |       ||    49
       Plate armour      |       |   110 |   201 |   164 ||   475
Dodge: Dodged            |    29 |    38 |    68 |    63 ||   198
Block: Buckler           |    23 |    42 |    79 |    50 ||   194
